 Dungeon Crawl Stone Soup version 0.27-a0-1101-ge311f74bc8 (webtiles) character file.

Game seed: 13381534866102148234

116 siradein the Slasher (level 4, -4/33 HPs)
             Began as a Vampire Gladiator on Apr 28, 2021.
             Killed from afar by Sigmund (9 damage)
             ... with a puff of flame
             ... on level 3 of the Dungeon.
             The game lasted 00:04:41 (1820 turns).

siradein the Slasher (Vampire Gladiator)            Turns: 1820, Time: 00:04:42

Health: -4/33      AC:  7    Str: 14    XL:     4   Next: 69%
Magic:  4/4        EV: 12    Int: 10    God:
Gold:   54         SH:  5    Dex: 15    Spells: 3/3 levels left

rFire    . . .     SeeInvis +   a - +0 long sword
rCold    . . .     Faith    .   (no shield)
rNeg     . . .     Spirit   .   n - +3 leather armour
rPois    .         Reflect  +   c - +0 helmet
rElec    .         Harm     .   (no cloak)
rCorr    +         Rampage  .   (no gloves)
Will     .....                  (no boots)
Stlth    +.........             i - amulet of reflection
HPRegen  0.31/turn              l - ring of resist corrosion
MPRegen  0.09/turn              (no ring)

@: healing quickly
A: alive, fangs 3, see invisible, unbreathing 1, vampiric 2
a: Exsanguinate


You were on level 3 of the Dungeon.
You visited 1 branch of the dungeon, and saw 3 of its levels.

You collected 54 gold pieces.

Inventory:

Hand Weapons
 a - a +0 long sword (weapon)
Missiles
 d - 3 throwing nets (quivered)
Armour
 c - a +0 helmet (worn)
 n - a +3 leather armour (worn)
Jewellery
 i - an amulet of reflection (around neck)
 l - a ring of resist corrosion (left hand)
Wands
 m - a wand of mindburst (6)
Scrolls
 e - 5 scrolls of identify {unknown}
 h - a scroll of holy word {unknown}
 j - a scroll of teleportation {unknown}
Potions
 f - a potion of curing {unknown}
 g - a potion of degeneration {unknown}
 k - a potion of brilliance {unknown}


   Skills:
 - Level 1.7 Fighting
 + Level 5.5 Long Blades
 - Level 1.5 Throwing
 - Level 3.2 Dodging


You had 3 spell levels left.
You didn't know any spells.
Your spell library was empty.

Dungeon Overview and Level Annotations

Branches:
Dungeon (3/15)

Altars:

Annotations:
D:2 1 runed translucent door, Crazy Yiuf
D:3 Sigmund


Innate Abilities, Weirdness & Mutations

Your natural rate of healing is accelerated.
You have razor-sharp teeth.
You have supernaturally acute eyesight. (SInv)
You can survive without breathing.
You are afflicted with vampirism and can become a bat while bloodless.


Message History

The bat hits you but does no damage.
Sigmund gestures at himself while chanting.
Sigmund flickers and vanishes for a moment.
The hobgoblin hits you. You block the rat's attack. Sigmund closely misses you.
You riposte.
You barely miss Sigmund.
Sigmund is moderately wounded.
You block the bat's attack.
You hit Sigmund.
Sigmund is moderately wounded.
The bat hits you but does no damage. You block the bat's attack.
The hobgoblin barely misses you. The rat closely misses you.
You riposte.
You slash the rat!
You kill the rat!
Sigmund hits you with a +0 scythe. The hobgoblin barely misses you.
You hit Sigmund.
Sigmund is moderately wounded.
The bat barely misses you. The bat hits you but does no damage.
You block Sigmund's attack.
Sigmund zaps a wand.
The puff of flame misses you. The hobgoblin misses you.
You closely miss Sigmund.
Sigmund is moderately wounded.
The bat barely misses you.
You riposte.
You hit the bat.
You kill the bat!
Sigmund casts a spell at you.
The magic dart hits you but does no damage.
The hobgoblin hits you but does no damage.
Sigmund gestures at you while chanting. The magic dart hits you!
You hit Sigmund.
Sigmund is heavily wounded.
Sigmund closely misses you. The hobgoblin closely misses you.
You riposte.
You hit the hobgoblin.
You kill the hobgoblin!
Sigmund gestures at you while chanting. The magic dart hits you.
* * * LOW HITPOINT WARNING * * *
You closely miss Sigmund.
Sigmund is heavily wounded.
Sigmund zaps a wand.
The puff of flame hits you!
You die...

≈≈≈≈P♣ ..#.#
≈≈≈≈≈♣######.#.#
≈≈≈♣♣.....##.#.#
≈≈♣P......##.#.#####
≈≈≈)......##.#.....# #
♣...............##.# ...
<...##.#.###.##.#..#...#
.......#.#...##.#......#
....####.#.####†@......#
....# #.#. #.†@...###
.#### #.. #......# . ...
#........# . #.
#.....#### .###### . ##
....# . .#..##


You could see Sigmund (fast, invisible).

Vanquished Creatures
  An orc priest (D:3)
  Ijyb (D:3)
  An adder (D:3)
  A dart slug (D:1)
  2 orcs (D:3)
  4 ball pythons
  3 endoplasms
  2 giant cockroaches
  4 goblins
  4 hobgoblins
  3 kobolds
  4 quokkas
  6 bats
  A frilled lizard (D:1)
  7 rats
44 creatures vanquished.

Vanquished Creatures (others)
  4 plants (D:3)
4 creatures vanquished.

Grand Total: 48 creatures vanquished

Notes
Turn   | Place    | Note
-------+----------+-------------------------------------------
     0 | D:1      | siradein the Vampire Gladiator began the quest for the Orb.
     0 | D:1      | Reached XP level 1. HP: 16/16 MP: 1/1
   225 | D:1      | Reached XP level 2. HP: 16/22 MP: 2/2
   581 | D:1      | Reached skill level 4 in Long Blades
   955 | D:2      | Found a runed translucent door.
   956 | D:2      | Noticed Crazy Yiuf
  1175 | D:2      | Gained mutation: You are afflicted with vampirism and can
                  | become a bat while bloodless. [Vampire growth]
  1175 | D:2      | Reached XP level 3. HP: 27/27 MP: 3/3
  1559 | D:3      | Reached skill level 5 in Long Blades
  1559 | D:3      | Reached XP level 4. HP: 17/33 MP: 4/4
  1612 | D:3      | Found a faded altar of an unknown god.
  1623 | D:3      | Noticed Ijyb
  1655 | D:3      | Killed Ijyb
  1805 | D:3      | Noticed Sigmund
  1820 | D:3      | Killed from afar by Sigmund

Illustrated notes

Levels and vault maps discovered:
D:1:      ncdulo_lavacross, layout_basic
D:2:      layout_loops_cross, uniq_crazy_yiuf_cottage
D:3:      layout_basic, hellmonk_ecumenical_altar_run_dry,
          cheibrodos_sewer_entry_bend, serial_bayou_lake_a, uniq_sigmund,
          uniq_ijyb

Skill      XL: |  1  2  3 |
---------------+----------+-----
Long Blades    | 4 5 |  5.5
Fighting       | |  1.7
Throwing       | |  1.5
Dodging        | |  3.2

Action                   |  1- 3 |  4- 6 || total
-------------------------+-------+-------++-------
Melee: Long sword        |    87 |    38 ||   125
       Bite              |    11 |    10 ||    21
Armor: Leather armour    |    21 |    14 ||    35
Dodge: Dodged            |    84 |    22 ||   106
Block: Other             |     9 |    14 ||    23
       Reflection        |       |     1 ||     1
       Rpst.: Long sword |    33 |     9 ||    42

Table legend: (Time is in decaauts)
 A = Elapsed time spent in this place.
 B = Non-inter-level travel time spent in this place.
 C = Inter-level travel time spent in this place.
 D = Time resting spent in this place.
 E = Time spent auto-exploring this place.
 F = Levels seen in this place.
 G = Mean time per level.
                   A        B        C        D        E       F      G
               +--------+--------+--------+--------+--------+-----+--------+
         Total |   1864 |   1810 |     54 |    107 |   1272 |   3 |  621.3 |
       Dungeon |   1864 |   1810 |     54 |    107 |   1272 |   3 |  621.3 |
               +--------+--------+--------+--------+--------+-----+--------+

Top non-repeatable levels by time:
     D:1: 892 daAuts
     D:2: 632 daAuts
     D:3: 339 daAuts
